 Dungeon Crawl Stone Soup version 0.21.1-1-g345015f (webtiles) character file.

126 shakethe the Chopper (level 5, -1/47 HPs)
             Began as a Hill Orc Fighter on Feb 26, 2018.
             Slain by a gnoll
             ... wielding a +0 flail
              (2 damage)
             ... on level 3 of the Dungeon.
             The game lasted 00:02:49 (1529 turns).

shakethe the Chopper (Hill Orc Fighter)             Turns: 1529, Time: 00:02:49

Health: -1/47      AC:  8    Str: 18 (19) XL:     5   Next: 9%
Magic:  5/5        EV:  7    Int:  7 (9)  God:
Gold:   110        SH:  9    Dex:  7 (10) Spells: 4/4 levels left

rFire    + . .     SeeInvis .   a - +0 war axe
rCold    + . .     Gourm    .   c - +0 shield
rNeg     . . .     Faith    .   b - +0 scale mail
rPois    +         Spirit   .   d - +0 helmet
rElec    +         Reflect  .   (no cloak)
rCorr    +         Harm     .   (no gloves)
MR       .....                  (no boots)
Stlth    ..........             (no amulet)
HPRegen  0.15/turn              (no ring)
MPRegen  0.09/turn              (no ring)

@: resistant, flying
A: no striking features
a: Convert to Beogh


You were on level 3 of the Dungeon.
You were not hungry.

You visited 1 branch of the dungeon, and saw 3 of its levels.

You collected 110 gold pieces.

Inventory:

Hand Weapons
 a - a +0 war axe (weapon)
Missiles
 q - 2 throwing nets {=f, !d}
Armour
 b - a +0 scale mail (worn)
 c - a +0 shield (worn)
 d - a +0 helmet (worn)
   (You found it on level 2 of the Dungeon)
Magical Staves
 r - an uncursed staff of energy {unknown}
   (You found it on level 3 of the Dungeon)
Scrolls
 e - a scroll of amnesia {unknown}
 h - 4 scrolls of remove curse {unknown}
 k - 3 scrolls of teleportation {unknown}
 m - a scroll of identify {unknown}
 n - 2 scrolls of immolation {unknown}
 o - a scroll of random uselessness {unknown}
 p - a scroll of noise {unknown}
Potions
 l - a potion of degeneration {!q}
Comestibles
 f - 5 rations


   Skills:
 + Level 4.4 Fighting
 * Level 4.6 Axes
 + Level 4.1 Armour
 + Level 4.0 Shields


You had 4 spell levels left.
You didn't know any spells.

Dungeon Overview and Level Annotations

Branches:
Dungeon (3/15)

Altars:
Uskayaw
The Shining One


Message History

You closely miss the kobold. The kobold barely misses you.
You closely miss the kobold. You block the kobold's attack.
The kobold barely misses you.
You closely miss the kobold. The kobold hits you but does no damage.
Your scale mail prevents you from hitting the kobold.
The kobold barely misses you.
You slash the kobold!
You kill the kobold!
You see here a club.
You don't know any spells.
Unknown command.
Setting a skill training target for Shields at 15.0.
You see here a club.
s - a brown potion
Things that are here:
a short sword; a scale mail; the human corpse of Terence No target in view!
There is a stone staircase leading down here.
An ooze comes into view.
The ooze quivers.
You block the ooze's attack.
Health restored: 47 You slice the ooze!!
You kill the ooze!
No target in view!
No target in view!
No target in view!
No target in view!
No target in view!
No target in view!
No target in view!
No target in view!
A gnoll comes into view. It is wielding a flail.
The gnoll shouts!
You hear a shout!
The gnoll hits you with a flail.
You take 1 damage, and have 46/47 hp.
You hit the gnoll. You block the gnoll's attack.
You barely miss the gnoll. You block the gnoll's attack.
An orc priest comes into view. It is wielding a dagger.
The orc priest shouts, "Surrender to Beogh and we'll let you live!" (press Y on the ability menu to convert to Beogh)
You hit the gnoll.
The orc priest calls down the wrath of Beogh upon you.
Beogh smites you! The gnoll hits you with a flail!
You take 27 damage, and have 19/47 hp.
MASSIVE DAMAGE!!
You closely miss the gnoll.
The orc priest calls down the wrath of Beogh upon you.
Beogh smites you!
* * * LOW HITPOINT WARNING * * *
The gnoll closely misses you.
You hear a shout!
You take 10 damage, and have 10/47 hp.
MASSIVE DAMAGE!!
You closely miss the gnoll. The gnoll hits you with a flail.
* * * LOW HITPOINT WARNING * * *
An orc comes into view. It is wielding a short sword.
You take 2 damage, and have 8/47 hp.
Unknown command.
The orc shouts!
You hear a shout! x2
Unknown command.
It was a potion of degeneration.
There was something very wrong with that liquid.
You feel weakened.
You feel dopey.
You feel clumsy. The gnoll closely misses you.
Okay, then.
It was a potion of flight.
You feel very buoyant.
You fly up into the air.
The orc hits you but does no damage. You block the gnoll's attack.
It was a potion of magic.
Magic courses through your body. You block the orc's attack.
It was a potion of curing.
You feel better. The gnoll hits you but does no damage.
The orc hits you but does no damage.
The orc priest looks satisfied for a moment.
You regained 6 hp, and now have 15/47 hp.
It was a potion of resistance.
You feel protected. You block the gnoll's attack. The orc barely misses you.
The orc priest miscasts a cantrip.
An orc comes into view. It is wielding a flail.
You completely miss the gnoll. You hit the orc. You block the gnoll's attack.
The orc hits you but does no damage.
An orc priest comes into view. It is wielding a flail.
You hit the gnoll. You slash the orc!
You kill the orc!
The gnoll hits you with a flail.
* * * LOW HITPOINT WARNING * * *
An orc priest opens the large door.
You take 2 damage, and have 13/47 hp.
You hit the gnoll. You slash the orc!
You kill the orc!
The gnoll closely misses you.
The orc priest invokes the aid of Beogh against you.
Beogh smites you!
* * * LOW HITPOINT WARNING * * *
The gnoll hits you with a flail.
You die...

#.###).###########
#.##..## # #.#..##
# #...##
########..##
.........##
########.# #o# #@#
##########go......
.....o.....'......
############♣♣♣♣♣♣


You could see 2 orc priests and a gnoll.

Vanquished Creatures
  A worker ant (D:2)
  Terence (D:3)
  An adder (D:2)
  An ooze (D:3)
  A worm (D:3)
  2 dart slugs (D:2)
  4 leopard geckos (D:2)
  2 orcs (D:3)
  8 bats
  5 giant cockroaches
  6 goblins
  5 hobgoblins
  5 kobolds
  4 frilled lizards
  7 rats
53 creatures vanquished.

Notes
Turn   | Place    | Note
-------+----------+-------------------------------------------
     0 | D:1      | shakethe the Hill Orc Fighter began the quest for the Orb.
     0 | D:1      | Reached XP level 1. HP: 19/19 MP: 1/1
   109 | D:1      | Reached skill level 3 in Axes
   143 | D:1      | Reached XP level 2. HP: 25/27 MP: 2/2
   644 | D:2      | Reached XP level 3. HP: 33/33 MP: 3/3
   701 | D:2      | Reached skill level 4 in Fighting
   710 | D:2      | Reached skill level 4 in Axes
   710 | D:2      | Reached XP level 4. HP: 22/40 MP: 4/4
   716 | D:2      | HP: 10/40 [poisoned by a worker ant]
   723 | D:2      | HP: 7/40 [poisoned by a worker ant]
   729 | D:2      | HP: 6/40 [poisoned by a worker ant]
   735 | D:2      | HP: 3/40 [adder (3)]
   740 | D:2      | HP: 2/40 [poisoned by a worker ant]
  1405 | D:3      | Found a glowing golden altar of the Shining One.
  1407 | D:3      | Found a hide-covered altar of Uskayaw.
  1454 | D:3      | Reached skill level 4 in Armour
  1464 | D:3      | Noticed Terence
  1470 | D:3      | Killed Terence
  1470 | D:3      | Reached skill level 4 in Shields
  1470 | D:3      | Reached XP level 5. HP: 44/47 MP: 5/5
  1519 | D:3      | HP: 10/47 [orc priest/divine providence (10)]
  1529 | D:3      | HP: 1/47 [orc priest/divine providence (13)]
  1529 | D:3      | Slain by a gnoll

Skill      XL: |  1  2  3  4 |
---------------+-------------+-----
Axes           | 3 4 |  4.6
Fighting       | 4 |  4.4
Armour         | 4 |  4.1
Shields        | 4 |  4.0

Action                   |  1- 3 |  4- 6 || total
-------------------------+-------+-------++-------
Melee: War axe           |    85 |    85 ||   170
  Use: Potion            |       |     6 ||     6
  Eat: Chunk             |       |     2 ||     2
Armor: Scale mail        |    57 |    39 ||    96
Dodge: Dodged            |    29 |    29 ||    58
Block: Shield            |    61 |    38 ||    99

Vault maps used:
D:1:      dpeg_arrival_tiny_g
D:2:      first_ration
D:3:      kennysheep_big_flooded_room,
          chequers_temple_overflow_statue_of_worship, uniq_terence

Table legend:
 A = Turns spent in this place as a percentage of turns spent in the entire game.
 B = Non-inter-level travel turns spent in this place as a percentage of non-inter-level travel turns spent in the entire game.
 C = Inter-level travel turns spent in this place as a percentage of turns spent in this place.
 D = Turns resting spent in this place as a percentage of non-inter-level travel turns spent in this place.
 E = Turns spent auto-exploring this place as a percentage of non-inter-level travel turns spent in this place.
 F = Non-inter-level travel turns spent in this place divided by the number of levels of this place that you've seen.
                   A       B       C       D       E      F
               +-------+-------+-------+-------+-------+----------------------
         Total | 100.0 | 100.0 |   1.2 |  17.9 |  58.7 | 503.3
       Dungeon | 100.0 | 100.0 |   1.2 |  17.9 |  58.7 | 503.3
               +-------+-------+-------+-------+-------+----------------------

Table legend:
 A = Kills in this place as a percentage of kills in entire the game.
 B = Kills by you in this place as a percentage of kills by you in the entire game.
 C = Kills by friends in this place as a percentage of kills by friends in the entire game.
 D = Other kills in this place as a percentage of other kills in the entire game.
 E = Experience gained in this place as a percentage of experience gained in the entire game.
 F = Experience gained in this place divided by the number of levels of this place that you have seen.
                   A       B       C       D       E      F
               +-------+-------+-------+-------+-------+----------------------
         Total | 100.0 | 100.0 |   N/A |   N/A | 100.0 |  60.0
       Dungeon | 100.0 | 100.0 |   N/A |   N/A | 100.0 |  60.0
               +-------+-------+-------+-------+-------+----------------------
